 Dungeon Crawl Stone Soup version 0.26.0-16-gc1dbca0489 (webtiles) character file.

Game seed: 2572958800881154736

71 BOMJPIETVODKU the Skirmisher (level 4, -1/35 HPs)
             Began as a Demonspawn Fighter on Jan 19, 2021.
             Killed from afar by a white imp (3 damage)
             ... with a puff of frost
             ... summoned by Natasha
             ... on level 2 of the Dungeon.
             The game lasted 00:05:20 (1326 turns).

BOMJPIETVODKU the Skirmisher (Demonspawn Fighter)   Turns: 1326, Time: 00:05:22

Health: -1/35      AC:  9    Str: 17    XL:     4   Next: 5%
Magic:  4/4        EV:  4    Int: 10    God:
Gold:   111        SH:  9    Dex: 12    Spells: 3/3 levels left

rFire    . . .     SeeInvis .   a - +0 war axe
rCold    . . .     Faith    .   c - +0 kite shield
rNeg     . . .     Spirit   .   n - +0 chain mail
rPois    .         Reflect  .   (no helmet)
rElec    .         Harm     .   (no cloak)
rCorr    .         Rampage  .   (no gloves)
Will     .....                  (no boots)
Stlth    ..........             (no amulet)
HPRegen  0.11/turn              (no ring)
MPRegen  0.09/turn              (no ring)

@: mighty
A: powered by death 1, powered by pain 2
a: no special abilities


You were on level 2 of the Dungeon.
You visited 1 branch of the dungeon, and saw 2 of its levels.

You collected 111 gold pieces.

Inventory:

Hand Weapons
 a - a +0 war axe (weapon)
Armour
 b - a +0 scale mail
 c - a +0 kite shield (worn)
 n - a +0 chain mail (worn)
Wands
 p - a wand of random effects (16)
Scrolls
 e - 2 scrolls of magic mapping {unknown}
 f - 3 scrolls of identify {unknown}
 h - 2 scrolls of teleportation {unknown}
 l - a scroll of enchant armour {unknown}
 o - a scroll of fear {unknown}
Potions
 g - a potion of mutation {unknown}
 i - a potion of magic {unknown}
 j - a potion of heal wounds {unknown}
 k - a potion of curing {unknown}
 m - 2 potions of attraction {unknown}
 q - a potion of degeneration {unknown}


   Skills:
 + Level 3.4 Fighting
 * Level 3.0 Axes
 + Level 3.0 Armour
 + Level 0.4 Dodging
 + Level 3.0 Shields


You had 3 spell levels left.
You didn't know any spells.
Your spell library was empty.

Dungeon Overview and Level Annotations

Branches:
Dungeon (2/15)

Altars:
Makhleb

Annotations:
D:2 Natasha


Innate Abilities, Weirdness & Mutations

You regenerate a little health from kills.
You sometimes gain power by taking damage.


Message History

You feel very mighty all of a sudden. Natasha claws you but does no damage.
The white imp hits you but does no damage.
You closely miss Natasha.
Natasha is severely wounded.
You barely miss the white imp. Natasha claws you.
* * * LOW HITPOINT WARNING * * *
The white imp hits you.
* * * LOW HITPOINT WARNING * * *
The white imp freezes you.
* * * LOW HITPOINT WARNING * * *
Natasha barely misses you.
You barely miss Natasha.
Natasha is severely wounded.
You hit the white imp.
The white imp hits you but does no damage.
You block Natasha's attack. The white imp gestures at you.
The puff of frost hits you.
You die...

.# ## .# #...#.#####
.# ..#.#.....## ####
.##........## ...#
.##.........# ##.#
##.##.........# #..#
#[.##.........# ...#
##.###....5h...#
.#..###........?@....#
.##.##...([.........##
.##..................#
.......#####.........#
.<...................#
..#.#...#.#.#........#
..#.###..............#
........#.#.#.......##
...##............).


You could see Natasha and a white imp (summoned).

Vanquished Creatures
  A hound (D:2)
  A dart slug (D:1)
  A leopard gecko (D:2)
  5 bats
  4 giant cockroaches (D:1)
  3 goblins (D:1)
  7 hobgoblins (D:1)
  3 jackals (D:1)
  A quokka (D:2)
  A ball python (D:1)
  A frilled lizard (D:1)
  4 kobolds (D:1)
  A rat (D:2)
33 creatures vanquished.

Notes
Turn   | Place    | Note
-------+----------+-------------------------------------------
     0 | D:1      | BOMJPIETVODKU the Demonspawn Fighter began the quest for
                  | the Orb.
     0 | D:1      | Reached XP level 1. HP: 18/18 MP: 1/1
    50 | D:1      | Gained mutation: You sometimes gain a little power by
                  | taking damage. [demonic ancestry]
    50 | D:1      | Reached XP level 2. HP: 24/24 MP: 2/2
   526 | D:1      | Gained mutation: You sometimes gain power by taking damage.
                  | [demonic ancestry]
   526 | D:1      | Reached XP level 3. HP: 26/29 MP: 3/3
  1162 | D:2      | Found a burning altar of Makhleb.
  1167 | D:2      | Gained mutation: You regenerate a little health from kills.
                  | [demonic ancestry]
  1167 | D:2      | Reached XP level 4. HP: 33/35 MP: 4/4
  1312 | D:2      | Noticed Natasha
  1326 | D:2      | Killed from afar by a white imp

Illustrated notes

Levels and vault maps discovered:
D:1:      minmay_arrival_glassed_features, layout_basic
D:2:      layout_rooms, minitemple, serial_glass, glass_columns_a,
          glass_columns_b, glass_columns_a, glass_columns_b, glass_columns_a,
          makhleb_heckhound_becter, uniq_natasha

Skill      XL: |  1  2  3 |
---------------+----------+-----
Axes           | 2 3 |  3.0
Shields        | 3 |  3.0
Armour         | 3 |  3.0
Fighting       | |  3.4
Dodging        | |  0.4

Action                   |  1- 3 |  4- 6 || total
-------------------------+-------+-------++-------
Melee: War axe           |    86 |    14 ||   100
  Use: Potion            |       |     1 ||     1
Armor: Scale mail        |    51 |       ||    51
       Chain mail        |     1 |    11 ||    12
Dodge: Dodged            |    39 |     4 ||    43
Block: Kite shield       |    54 |     5 ||    59
